 Dungeon Sprint DCSS version 0.27-a0-1200-g94dc6ad4cf (webtiles) character file.

Game seed: 3908685048741404523

298 Zeld the Destroyer (level 6, 0/36 HPs)
             Began as an Octopode Conjurer on May 31, 2021.
             Was a Follower of Sif Muna.
             Killed by divine providence
             ... invoked by an orc priest
              (12 damage)
             ... in the Dungeon (Sprint IX: "|||||||||||||||||||||||||||||").
             The game lasted 00:01:06 (605 turns).

Zeld the Destroyer (Octopode Conjurer)               Turns: 605, Time: 00:01:07

Health: 0/36       AC:  3    Str: 10    XL:     6   Next: 35%
Magic:  6/15       EV: 15    Int: 22    God:    Sif Muna [*.....]
Gold:   0          SH:  0    Dex: 10    Spells: 7/17 levels left

rFire    . . .     SeeInvis .   (no weapon)
rCold    . . .     Faith    .   (no shield)
rNeg     . . .     Spirit   .   (helmet restricted)
rPois    .         Reflect  .   (no amulet)
rElec    .         Harm     .   i - +2 ring of protection
rCorr    .         Rampage  .   j - +3 ring of strength
Will     .....     NoTele   +   (no ring)
Stlth    +++.......             (no ring)
HPRegen  0.12/turn              (no ring)
MPRegen  0.14/turn              (no ring)
                                (no ring)
                                (no ring)

@: no status effects
A: almost no armour, amphibious, 8 rings, camouflage 1, gelatinous body 1,
(nimble swimmer 1), tentacles
a: Renounce Religion, Channel Magic


You were in the Dungeon.
You worshipped Sif Muna.
Sif Muna was aware of your devotion.
You visited 1 branch

Inventory:

Jewellery
 i - a +2 ring of protection (left tentacle)
 j - a +3 ring of strength (right tentacle)
Wands
 h - a wand of iceblast (10)
Scrolls
 f - 2 scrolls of amnesia
 g - 2 scrolls of blinking
Potions
 a - a potion of invisibility
 b - 5 potions of curing
 c - 3 potions of heal wounds
 d - a potion of haste
 e - 4 potions of magic


   Skills:
 + Level 6.7 Dodging
 - Level 2.6 Stealth
 + Level 6.2 Spellcasting
 * Level 10.0 Conjurations


You had 7 spell levels left.
You knew the following spells:

 Your Spells              Type           Power      Damage    Failure   Level
a - Magic Dart            Conj           100%       1d8       1%          1
b - Searing Ray           Conj           100%       3d7       1%          2
c - Dazzling Flash        Conj/Hex       56%        N/A       3%          3
d - Fulminant Prism       Conj/Hex       14%        3d9       12%         4

Your spell library contained the following spells:

 Spells                   Type           Power      Damage    Failure   Level
 Iskenderun's Mystic Bla  Conj/Tloc      28%        2d7       12%         4


Dungeon Overview and Level Annotations

Branches:
Dungeon (1/1)

Altars:
Cheibriados
Dithmenos
Elyvilon
Fedhas
Gozag
Hepliaklqana
Kikubaaqudgha
Makhleb
Nemelex Xobeh
Okawaru
Qazlal
Ru
Sif Muna
Trog
Uskayaw
Vehumet
Wu Jian
Xom
Yredelemnul
Zin
The Shining One
Beogh
Jiyva
Lugonu


Innate Abilities, Weirdness & Mutations

You cannot wear most types of armour.
You are amphibious.
You can wear up to eight rings at the same time.
Your skin changes colour to match your surroundings (Stealth+).
Your rubbery body absorbs attacks. (AC +1, EV +1)
((You are camouflaged near water. (Stealth+)))
You have tentacles for arms and can constrict up to eight enemies at once.


Message History

The acid dragon is almost dead.
The searing ray hits the wight!
You destroy the wight!
Sif Muna accepts your kill.
The searing ray hits the troll.
The troll is lightly wounded.
The acid dragon misses you. x2
The searing ray hits the acid dragon!
You kill the acid dragon!
Sif Muna accepts your kill.
You can now call upon Sif Muna for magical energy.
The acid dragon scales are intact enough to wear.
The searing ray hits the troll!
The troll is heavily wounded.
You finish channeling your searing ray.
Your Dodging skill increases to level 6!
Your Spellcasting skill increases to level 6!
Your Conjurations skill gained 2 levels and is now at level 10!
You have reached level 6!
Your experience leads to an increase in your attributes!
Your base attributes are Str 7, Int 21, Dex 10.
Increase (S)trength, (I)ntelligence, or (D)exterity?
You feel clever.
Unknown command.
The troll barely misses you. The troll claws you! The troll closely misses you.
Things that are here:
+0 acid dragon scales; an acid dragon corpse The orc priest mumbles some strange prayers to Beogh against you.
Beogh smites you!
You see here a +2 ring mail.
The orc priest looks satisfied for a moment.
You see here a +0 helmet.
You see here a +0 helmet.
You tentacle-slap the troll but do no damage.
Your squeeze misses the troll.
The troll is moderately wounded.
The troll misses you. The troll closely misses you. The troll claws you!
The orc priest invokes the aid of Beogh against you.
Beogh smites you!
You die... ▓▓▓▓▓▓▓▓▓▓▓▓▓▓▓▓▓▓▓▓▓▓▓▓▓▓▓▓▓▓ .....)'o.[lT.@..'_____________ ▓▓▓▓▓▓▓▓▓▓▓▓▓▓▓▓▓▓▓▓▓▓▓▓▓▓▓▓▓▓

You could see a troll, a wyvern and an orc priest.

Vanquished Creatures
  An acid dragon (D)
  A phantom (D)
  A killer bee (D)
  A wight (D)
  A gnoll (D)
  An adder (D)
  An adder skeleton (D)
  A bat (D)
  An endoplasm (D)
  2 quokkas (D)
  A ball python (D)
  A ball python zombie (D)
13 creatures vanquished.

Notes
Turn   | Place    | Note
-------+----------+-------------------------------------------
     0 | D        | Zeld the Octopode Conjurer began the quest for the Orb.
     0 | D        | Reached XP level 1. HP: 11/11 MP: 3/3
   340 | D        | Noticed a phantom
   346 | D        | Killed a phantom
   347 | D        | Reached skill level 7 in Conjurations
   347 | D        | Reached XP level 2. HP: 13/17 MP: 5/7
   347 | D        | Reached XP level 3. HP: 16/21 MP: 5/8
   347 | D        | Reached XP level 4. HP: 21/27 MP: 6/10
   364 | D        | Learned a level 2 spell: Searing Ray
   368 | D        | Learned a level 3 spell: Dazzling Flash
   373 | D        | Learned a level 4 spell: Fulminant Prism
   539 | D        | Found a snail-covered altar of Cheibriados.
   539 | D        | Found a shadowy altar of Dithmenos.
   539 | D        | Found a white marble altar of Elyvilon.
   539 | D        | Found a blossoming altar of Fedhas.
   539 | D        | Found an opulent altar of Gozag.
   540 | D        | Found a hazy altar of Hepliaklqana.
   541 | D        | Found a viscous altar of Jiyva.
   542 | D        | Found an ancient bone altar of Kikubaaqudgha.
   543 | D        | Found a corrupted altar of Lugonu.
   544 | D        | Found a burning altar of Makhleb.
   545 | D        | Found a sparkling altar of Nemelex Xobeh.
   546 | D        | Found an iron altar of Okawaru.
   547 | D        | Found a stormy altar of Qazlal.
   548 | D        | Found a sacrificial altar of Ru.
   549 | D        | Found a shimmering blue altar of Sif Muna.
   550 | D        | Found a bloodstained altar of Trog.
   551 | D        | Found a hide-covered altar of Uskayaw.
   552 | D        | Found a radiant altar of Vehumet.
   553 | D        | Found an ornate altar of the Wu Jian Council.
   554 | D        | Found a shimmering altar of Xom.
   555 | D        | Found a basalt altar of Yredelemnul.
   556 | D        | Found a glowing silver altar of Zin.
   557 | D        | Became a worshipper of Sif Muna the Loreminder
   558 | D        | Found a glowing golden altar of the Shining One.
   592 | D        | Noticed a wyvern
   592 | D        | Noticed a troll
   592 | D        | Noticed an acid dragon
   596 | D        | Reached skill level 5 in Dodging
   596 | D        | Reached skill level 5 in Spellcasting
   596 | D        | Reached skill level 8 in Conjurations
   596 | D        | Reached XP level 5. HP: 31/31 MP: 7/12
   597 | D        | Killed an acid dragon
   597 | D        | Reached * piety under Sif Muna
   598 | D        | Reached skill level 10 in Conjurations
   598 | D        | Reached XP level 6. HP: 36/36 MP: 5/15
   605 | D        | Killed from afar by an orc priest

Illustrated notes

Levels and vault maps discovered:
D:        linesprint [early_d, line_temple, items_1, d_10, items_2, lair_1,
          lair_end, items_3, orc_1, orc_end, items_4, d_15, swamp_1, shoals_1,
          snake_1, spider_1, d_20, vaults_1, items_5, swamp_end, shoals_end,
          snake_end, spider_end, vaults_end, d_27, items_6, zot_1, zot_end,
          crypt_end, forest_end, elf_end, slime_end, tomb_end, abyss_end,
          pan_hell_end]

Skill      XL: |  1  2  3  4  5 |
---------------+----------------+-----
Dodging        | 4 5 6 |  6.7
Spellcasting   | 4 5 6 |  6.2
Conjurations   | 7 8 10 | 10.0
Stealth        | |  2.6

Action                   |  1- 3 |  4- 6 || total
-------------------------+-------+-------++-------
Melee: Unarmed           |    14 |    14 ||    28
       Tentacles         |     3 |     2 ||     5
       Constrict         |     2 |     4 ||     6
 Cast: Magic Dart        |     3 |       ||     3
       Searing Ray       |       |     1 ||     1
  Use: Potion            |     1 |       ||     1
Dodge: Dodged            |     5 |    10 ||    15

Table legend: (Time is in decaauts)
 A = Elapsed time spent in this place.
 B = Non-inter-level travel time spent in this place.
 C = Inter-level travel time spent in this place.
 D = Time resting spent in this place.
 E = Time spent auto-exploring this place.
 F = Levels seen in this place.
 G = Mean time per level.
                   A        B        C        D        E       F      G
               +--------+--------+--------+--------+--------+-----+--------+
         Total |    613 |    613 |      0 |    476 |      0 |   1 |  613.0 |
       Dungeon |    613 |    613 |      0 |    476 |      0 |   1 |  613.0 |
               +--------+--------+--------+--------+--------+-----+--------+

Top non-repeatable levels by time:
       D: 613 daAuts
